 Dungeon Crawl Stone Soup version 0.30-a0-845-g7c6808c8ce (webtiles) character file.

Game seed: 7572176031013731023

37 jasper the Trooper (level 3, -1/29 HPs)
             Began as a Mummy Cinder Acolyte on Mar 2, 2023.
             Was an Elder of Ignis.
             Slain by an adder (3 damage)
             ... on level 2 of the Dungeon.
             The game lasted 00:02:17 (1642 turns).

jasper the Trooper (Mummy Cinder Acolyte)           Turns: 1642, Time: 00:02:18

Health: -1/29      AC:  2    Str: 19    XL:     3   Next: 23%
Magic:  5/5        EV: 11    Int: 13    God:    Ignis [****..]
Gold:   59         SH:  0    Dex:  7    Spells: 4/4 levels left

rFire   . . .      SeeInvis .    a - -1 hand axe (flame)
rCold   + . .      Faith    +    (no shield)
rNeg    + + +      Spirit   .    b - +0 robe
rPois   ∞          Reflect  .    (no helmet)
rElec   .          Rampage  .    (no cloak)
rCorr   .                        (no gloves)
Will    .....                    (no boots)
Stlth   +                        (no amulet)
HPRegen 0.24/turn                (no ring)
MPRegen 0.09/turn                (no ring)

@: no status effects
A: cold resistance 1, negative energy resistance 3, torment resistance 2, heat
vulnerability 1, in touch with death 1, no potions, faith
a: Renounce Religion, Fiery Armour, Foxfire Swarm, Rising Flame


You were on level 2 of the Dungeon.
You worshipped Ignis.
Ignis was greatly pleased with you.
You visited 1 branch of the dungeon, and saw 2 of its levels.

You collected 59 gold pieces.

Inventory:

Hand Weapons
 a - a -1 hand axe of flaming (weapon)
 c - a +1 whip of freezing
Armour
 b - a +0 robe (worn)


   Skills:
 + Level 3.3 Fighting
 * Level 3.1 Axes
 + Level 1.0 Armour
 - Level 1.3 Spellcasting
 - Level 2.4 Fire Magic


You had 4 spell levels left.
You didn't know any spells.
Your spell library contained the following spells:

 Spells                   Type           Power      Damage    Failure   Level
 Scorch                   Fire           14%        2d5       16%         2
 Summon Hydra             Summ           0%         N/A       100%        7
 Sublimation of Blood     Necr           Unusable   N/A       N/A         2
 Wereblood                Tmut           Unusable   N/A       N/A         2

Dungeon Overview and Level Annotations

Branches:
Dungeon (2/15)

Altars:


Innate Abilities, Weirdness & Mutations

You are immune to poison.
Your flesh is cold resistant. (rC+)
You are immune to negative energy. (rN+++)
You are immune to unholy pain and torment.
You are vulnerable to heat. (rF-)
You are in touch with the powers of death.
You do not drink.
You have a special connection with the divine. (Faith)


Message History

The worm looks even sicker.
The worm is lightly wounded.
Throw: dart (poison)
Press: ? - help, Q - select action Shift-Dir - straight line, f/p - worm
Aim: a worm (lightly wounded, very poisoned, 74% to hit)
You throw a poisoned dart. The poisoned dart hits the worm.
The worm is lightly wounded.
The adder bites you but does no damage.
You barely miss the worm.
The worm is lightly wounded.
You barely miss the adder. The adder bites you. The worm bites you.
The adder closely misses you.
You take 6 damage, and have 22/29 hp.
MASSIVE DAMAGE!!
The adder bites you.
You take 2 damage, and have 20/29 hp.
The adder closely misses you. The adder bites you but does no damage.
The adder bites you.
You take 2 damage, and have 19/29 hp.
The adder attacks as you move away! The adder bites you.
The adder barely misses you.
You take 1 damage, and have 18/29 hp.
You completely miss the adder. The adder bites you.
You take 3 damage, and have 15/29 hp.
You hit the adder. You burn the adder.
The adder is moderately wounded.
The adder barely misses you. The adder bites you.
You take 1 damage, and have 14/29 hp.
You miss the adder.
The adder is moderately wounded.
You hit the worm. You burn the worm. The adder bites you. The worm bites you!
* * * LOW HITPOINT WARNING * * *
You take 12 damage, and have 2/29 hp.
MASSIVE DAMAGE!!
Activating: Foxfire Swarm
Press: ? - help, Dir - look around, f - activate Flames leap up around you!
The adder closely misses you.
The foxfire hits the worm.
You kill the worm!
The adder bites you.
You die...

#.......# #.#####.# #.# #.#
###### #.# #.#
#....####'#####.# #
#....#.......##.#
#.########vvvv#.......##.#
##......)....vv#.......##.#
...........vS@vv...>...##.#
....(((...####v####'#####.#
########)## #v# #.# #.#
#...# #.# #.# #.# ####
#...# #.# #.# #.#
...##.#...# #.# #.# #.#
..........# #.# #.# #.#
...?...##.# #.# #.# #.#
##....(.. #.# #.# #.# #.#


You could see an adder (ally target).

Vanquished Creatures
  A worm (D:2)
  3 ball pythons (D:1)
  4 endoplasms
  2 giant cockroaches (D:2)
  4 goblins
  3 hobgoblins (D:1)
  7 jackals (D:1)
  2 bats (D:1)
  A frilled lizard (D:1)
  4 kobolds
  A rat (D:1)
32 creatures vanquished.

Vanquished Creatures (others)
  18 foxfires (D:1)
18 creatures vanquished.

Grand Total: 50 creatures vanquished

Notes
Turn   | Place    | Note
-------+----------+-------------------------------------------
     0 | D:1      | jasper the Mummy Cinder Acolyte began the quest for the
                  | Orb.
     0 | D:1      | Reached XP level 1. HP: 18/18 MP: 2/2
   335 | D:1      | Reached XP level 2. HP: 20/24 MP: 4/4
   749 | D:1      | HP: 1/24 [jackal (3)]
  1386 | D:1      | Gained mutation: You are in touch with the powers of death.
                  | [Mummy growth]
  1386 | D:1      | Reached XP level 3. HP: 25/29 MP: 5/5
  1595 | D:2      | Reached skill level 1 in Armour
  1642 | D:2      | Slain by an adder

Illustrated notes

Levels and vault maps discovered:
D:1:      tarquinn_simple_flora_water_b, layout_loops_corners,
          roderic_cross_of_infinity
D:2:      layout_basic

Skill      XL: |  1  2  3 |
---------------+----------+-----
Axes           | 3 |  3.1
Armour         | 1 |  1.0
Fighting       | |  3.3
Spellcasting   | |  1.3
Fire Magic     | |  2.4

Action                     || total
---------------------------++-------
  Melee: Hand axe          ||   110
         Punch             ||     1
  Throw: Stone             ||     6
         Dart              ||    10
 Invoke: Foxfire Swarm     ||     3
    Use: Scroll            ||     6
 Armour: Robe              ||    33
  Dodge: Dodged            ||    85

Table legend: (Time is in decaauts)
 A = Elapsed time spent in this place.
 B = Non-inter-level travel time spent in this place.
 C = Inter-level travel time spent in this place.
 D = Time resting spent in this place.
 E = Time spent auto-exploring this place.
 F = Levels seen in this place.
 G = Mean time per level.
                   A        B        C        D        E       F      G
               +--------+--------+--------+--------+--------+-----+--------+
         Total |   1663 |   1627 |     36 |    206 |   1083 |   2 |  831.5 |
       Dungeon |   1663 |   1627 |     36 |    206 |   1083 |   2 |  831.5 |
               +--------+--------+--------+--------+--------+-----+--------+

Top non-repeatable levels by time:
     D:1: 1428 daAuts
     D:2: 234 daAuts
